 Dungeon Crawl Stone Soup version 0.32-a0-468-g38b2580584 (webtiles) character file.

Game seed: 6745458389737135905

186 CougarLife the Digger (level 5, -2/28 HPs)
             Began as a Gargoyle Earth Elementalist on Feb 25, 2024.
             Incinerated by a bombardier beetle (4 damage)
             ... with a burning spray
             ... on level 3 of the Dungeon.
             The game lasted 00:02:30 (2526 turns).

CougarLife the Digger (Gargoyle Earth Elementalist) Turns: 2526, Time: 00:02:30

Health: -2/28      AC:  7    Str: 11    XL:     5   Next: 66%
Magic:  2/10       EV: 11    Int: 18    God:
Gold:   128        SH:  0    Dex: 10    Spells: 6/10 levels left

rFire   . . .        d - +0 dagger
rCold   . . .        (no shield)
rNeg    + . .        a - +0 robe
rPois   ∞            (no helmet)
rElec   +            m - +0 cloak
rCorr   .            (no gloves)
SInv    .            (no boots)
Will    .....        (no amulet)
Stlth   +            (no ring)
HPRegen 0.24/turn    (no ring)
MPRegen 0.12/turn

%: no passive effects
@: on fire, glowing
A: sickness immunity, AC +4, negative energy resistance 1, electricity
resistance, torment resistance 1, petrification resistance
a: no special abilities


You were on level 3 of the Dungeon.
You visited 1 branch of the dungeon, and saw 3 of its levels.

You collected 128 gold pieces.

Inventory:

Hand Weapons
 d - a +0 dagger (weapon)
Armour
 a - a +0 robe (worn)
 m - a +0 cloak (worn)
Scrolls
 f - a scroll of identify {unknown}
 h - a scroll of enchant weapon {unknown}
 i - a scroll of silence {unknown}
 j - a scroll of fog {unknown}
Potions
 b - a potion of magic
 c - 2 potions of degeneration {unknown}
 e - a potion of enlightenment {unknown}
 g - a potion of ambrosia {unknown}
 k - 2 potions of lignification {unknown}
 l - a potion of curing {unknown}


   Skills:
 - Level 1.5 Dodging
 - Level 2.1 Stealth
 + Level 3.4 Spellcasting
 + Level 3.4 Conjurations
 + Level 5.1 Earth Magic


You had 6 spell levels left.
You knew the following spells:

 Your Spells              Type           Power      Damage    Failure   Level
a - Sandblast             Erth           42%        2d11      1%          1
b - Stone Arrow           Conj/Erth      36%        3d9       9%          3

Your spell library contained the following spells:

 Spells                   Type           Power      Damage    Failure   Level
 Passwall                 Erth           21%        N/A       5%          3
 Brom's Barrelling Bould  Conj/Erth      18%        2d4       26%         4
 Petrify                  Alch/Erth      12%        N/A       47%         4


Dungeon Overview and Level Annotations

Branches:
Dungeon (3/15)

Altars:
Cheibriados


Innate Abilities, Weirdness & Mutations

You are immune to sickness and miasma.
Your stone body is resilient. (AC +4)
You are immune to poison.
You resist negative energy. (rN+)
You are resistant to electric shocks. (rElec)
You are resistant to unholy torment.
You are immune to petrification.


Message History

Aiming: Sandblast (safe; 1% risk of failure)
Press: ? - help, Shift-Dir - straight line, f/p - bombardier beetle
Aim: a bombardier beetle (severely wounded, 90% to hit)
The blast of sand misses the bombardier beetle.
The liquid fire burns you!
The bombardier beetle sprays incendiary fluid at you.
The burning spray hits you.
You are even more covered in liquid fire!
The spectral hobgoblin hits you but does no damage.
Casting: Sandblast (safe; 1% risk of failure)
Confirm with . or Enter, or press ? or * to list all spells.
Aiming: Sandblast (safe; 1% risk of failure)
Press: ? - help, Shift-Dir - straight line, f/p - bombardier beetle
Aim: a bombardier beetle (severely wounded, 90% to hit)
The blast of sand hits the bombardier beetle.
The bombardier beetle is almost dead.
You hear the rusting of a very distant drain.
The liquid fire burns you!
The spectral hobgoblin hits you but does no damage.
The bombardier beetle bites you but does no damage.
The spectral hobgoblin misses you.
Casting: Sandblast (safe; 1% risk of failure)
Confirm with . or Enter, or press ? or * to list all spells.
Aiming: Sandblast (safe; 1% risk of failure)
Press: ? - help, Shift-Dir - straight line, f/p - bombardier beetle
Aim: a bombardier beetle (almost dead, 90% to hit)
The blast of sand hits the bombardier beetle!
You kill the bombardier beetle!
The liquid fire burns you!
* * * LOW HITPOINT WARNING * * *
The spectral hobgoblin barely misses you.
The jackal barely misses you.
You shake off some of the fire as you move.
The liquid fire burns you!
* * * LOW HITPOINT WARNING * * *
The jackal attacks as it pursues you!
The jackal bites you but does no damage.
You shake off some of the fire as you move.
The liquid fire burns you!
You die...

.##### # #.#..#ß.###~#
.)...#.# #.##.#~~..._
.###.#.###. #Z##.#~#..~
........... ... ~..~~.
#.##...## #.# #.~#~ ##...###
#.# #.~~# #.##.# #.#
#.~.##+++## .###.#
#######.####.~~~~~~..
####.###........@.hZ###.....
......##.#####.###### ###
####...........#
....)....####### ####.#####
...# #####


You could see a spectral hobgoblin and a jackal.

Vanquished Creatures
  A bombardier beetle (D:3)
  Crazy Yiuf (D:2)
  Ijyb (D:3)
  2 adders (D:2)
  3 gnolls (D:2)
  A dart slug (D:1)
  An orc (D:3)
  6 ball pythons
  2 bats
  7 endoplasms
  2 giant cockroaches
  4 goblins
  7 hobgoblins
  2 jackals (D:2)
  2 kobolds
  2 quokkas
  3 frilled lizards
  7 rats
54 creatures vanquished.

Notes
Turn   | Place    | Note
-------+----------+-------------------------------------------
     0 | D:1      | CougarLife the Gargoyle Earth Elementalist began the quest
                  | for the Orb.
     0 | D:1      | Reached XP level 1. HP: 10/10 MP: 3/3
   154 | D:1      | Reached XP level 2. HP: 15/15 MP: 3/5
   488 | D:1      | Reached skill level 4 in Earth Magic
   780 | D:1      | Reached XP level 3. HP: 19/19 MP: 4/6
  1565 | D:2      | Found a runed translucent door.
  1566 | D:2      | Noticed Crazy Yiuf
  1820 | D:2      | Reached XP level 4. HP: 22/24 MP: 4/8
  2156 | D:2      | Learned a level 3 spell: Stone Arrow
  2163 | D:2      | Killed Crazy Yiuf
  2164 | D:2      | Reached XP level 5. HP: 28/28 MP: 2/9
  2433 | D:3      | Found a snail-covered altar of Cheibriados.
  2439 | D:3      | Noticed Ijyb
  2444 | D:3      | Paralysed by Ijyb for 2 turns
  2446 | D:3      | Killed Ijyb
  2450 | D:3      | Reached skill level 5 in Earth Magic
  2512 | D:3      | Found a faded altar of an unknown god.
  2526 | D:3      | Incinerated by a bombardier beetle

Illustrated notes

Levels and vault maps discovered:
D:1:      reono_arrival_forest_river, layout_basic, serial_bayou_pond_d,
          nicolae_the_louvre
D:2:      layout_loops_corners, serial_glass, glass_columns_a, glass_columns_b,
          uniq_crazy_yiuf_cottage
D:3:      layout_loops_ring, nicolae_overflow_hidden_temple,
          ebering_ghost_reflecting_pool, gup_sewer_entry_glass,
          dreamdust_ecumenical_altar_drowned_temple,
          nicolae_houndstooth_variations, uniq_ijyb, uniq_grinder

Skill      XL: |  1  2  3  4  5 |
---------------+----------------+-----
Earth Magic    | 4 5 |  5.1
Conjurations   | 2 3 |  3.4
Spellcasting   | 3 |  3.4
Dodging        | |  1.5
Stealth        | |  2.1

Action                     |  1- 3 |  4- 6 || total
---------------------------+-------+-------++-------
  Melee: Dagger            |     8 |       ||     8
         Unarmed           |     2 |       ||     2
   Cast: Sandblast         |    48 |    29 ||    77
         Stone Arrow       |       |     2 ||     2
 Armour: Robe              |    23 |    21 ||    44
  Dodge: Dodged            |    13 |    18 ||    31

Table legend: (Time is in decaauts)
 A = Elapsed time spent in this place.
 B = Non-inter-level travel time spent in this place.
 C = Inter-level travel time spent in this place.
 D = Time resting spent in this place.
 E = Time spent auto-exploring this place.
 F = Levels seen in this place.
 G = Mean time per level.
                   A        B        C        D        E       F      G
               +--------+--------+--------+--------+--------+-----+--------+
         Total |   2568 |   2407 |    161 |     50 |   1961 |   3 |  856.0 |
       Dungeon |   2568 |   2407 |    161 |     50 |   1961 |   3 |  856.0 |
               +--------+--------+--------+--------+--------+-----+--------+

Top non-repeatable levels by time:
     D:2: 1301 daAuts
     D:1: 1109 daAuts
     D:3: 157 daAuts
